[Event "23rd ETCC Open 2021"]
[Site "Catez"]
[Date "2021.11.18"]
[Round "6.58"]
[White "Borisek, Jure"]
[Black "Dragnev, Valentin"]
[Result "1/2-1/2"]
[ECO "B90"]
[WhiteElo "2595"]
[BlackElo "2548"]
[Annotator "ChessBase"]
[PlyCount "71"]
[EventDate "2021.11.08"]
[EventType "team-tourn"]
[EventCountry "SLO"]
[SourceTitle "playchess.com"]
[Source "ChessBase"]
[SourceQuality "1"]
[WhiteTeam "Slovenia"]
[BlackTeam "Austria"]
[WhiteTeamCountry "SLO"]
[BlackTeamCountry "AUT"]
[TimeControl "40/5400+30:1800+30"]

1. e4 c5 2. Nf3 d6 3. d4 cxd4 4. Nxd4 Nf6 5. Nc3 a6 6. h3 e5 7. Nb3 Be7 8. Be3
h6 9. Qd2 Qc7 10. g4 Nbd7 11. O-O-O b5 12. Nd5 Nxd5 13. exd5 Nb6 14. Na5 Bd7
15. Bg2 Nc4 16. Nxc4 Qxc4 17. b3 Qc7 18. Be4 Qd8 19. Rdg1 Bg5 20. h4 Bxe3 21.
fxe3 Qb6 22. Bf5 O-O-O 23. e4 Kb8 24. Kb1 f6 25. Rg3 Rhe8 26. Bg6 Rf8 27. Bf5
Rf7 28. Rc3 Rc8 29. Rhh3 b4 30. Rxc8+ Bxc8 31. Kb2 a5 32. Qe3 Qb5 33. Qd3 Qb6
34. Qe3 Qb5 35. Qd3 Qb6 36. Qe3 1/2-1/2

[Event "23rd ETCC Open 2021"]
[Site "Catez"]
[Date "2021.11.18"]
[Round "6.59"]
[White "Blohberger, Felix"]
[Black "Skoberne, Jure"]
[Result "1/2-1/2"]
[ECO "B30"]
[WhiteElo "2490"]
[BlackElo "2562"]
[Annotator "ChessBase"]
[PlyCount "96"]
[EventDate "2021.11.08"]
[EventType "team-tourn"]
[EventCountry "SLO"]
[SourceTitle "playchess.com"]
[Source "ChessBase"]
[SourceQuality "1"]
[WhiteTeam "Austria"]
[BlackTeam "Slovenia"]
[WhiteTeamCountry "AUT"]
[BlackTeamCountry "SLO"]
[TimeControl "40/5400+30:1800+30"]

1. e4 c5 2. Nf3 Nc6 3. Bb5 e6 4. O-O Nge7 5. Re1 a6 6. Bf1 d5 7. exd5 Nxd5 8.
d4 Nf6 9. Be3 Nd5 10. Bg5 f6 11. Bc1 cxd4 12. Nxd4 Nxd4 13. Qxd4 Bd6 14. g3 O-O
15. Bg2 Nb4 16. Na3 Qc7 17. Qe4 Nc6 18. Nc4 Bc5 19. Be3 Bxe3 20. Qxe3 e5 21.
Nb6 Rb8 22. Nxc8 Rfxc8 23. c3 Rd8 24. Red1 Rxd1+ 25. Rxd1 Rd8 26. Rd5 g6 27.
Qc5 Kg7 28. b4 Rd7 29. Rxd7+ Qxd7 30. Bxc6 bxc6 31. Kg2 g5 32. h3 h5 33. a4 e4
34. c4 Qd3 35. Qxc6 Qf3+ 36. Kg1 Qd1+ 37. Kh2 e3 38. Qb7+ Kh6 39. fxe3 Qd2+ 40.
Qg2 Qxb4 41. Qc2 h4 42. gxh4 gxh4 43. c5 Qb8+ 44. Kh1 Qc8 45. Kg2 Qg8+ 46. Kf1
Qe6 47. Kg2 Qg8+ 48. Kh1 Qc8 1/2-1/2

[Event "23rd ETCC Open 2021"]
[Site "Catez"]
[Date "2021.11.18"]
[Round "6.62"]
[White "Stefansson, Hannes"]
[Black "Blomqvist, Erik"]
[Result "1-0"]
[ECO "D10"]
[WhiteElo "2519"]
[BlackElo "2542"]
[Annotator "ChessBase"]
[PlyCount "63"]
[EventDate "2021.11.08"]
[EventType "team-tourn"]
[EventCountry "SLO"]
[SourceTitle "playchess.com"]
[Source "ChessBase"]
[SourceQuality "1"]
[WhiteTeam "Iceland"]
[BlackTeam "Sweden"]
[WhiteTeamCountry "ISL"]
[BlackTeamCountry "SWE"]
[TimeControl "40/5400+30:1800+30"]

1. d4 d5 2. c4 c6 3. Nc3 dxc4 4. e3 b5 5. a4 b4 6. Ne4 Qd5 7. Nd2 c3 8. bxc3
bxc3 9. Nb1 Qa5 10. Qc2 Na6 11. Ba3 Rb8 12. Nxc3 Nf6 13. Bxa6 Bxa6 14. Nge2 Nd5
15. Qd2 Nxc3 16. Qxc3 Qxc3+ 17. Nxc3 e6 18. Bxf8 Rxf8 19. Ne4 Ke7 20. Nc5 Bc4
21. Kd2 e5 22. Kc3 Bd5 23. dxe5 Bxg2 24. Rhg1 Bh3 25. Rxg7 Rfd8 26. e4 h5 27.
f4 a5 28. f5 Rb4 29. f6+ Kf8 30. Rag1 Bg4 31. R1xg4 hxg4 32. e6 1-0

[Event "23rd ETCC Open 2021"]
[Site "Catez"]
[Date "2021.11.18"]
[Round "6.63"]
[White "Johansson, Linus"]
[Black "Hjartarson, Johann"]
[Result "1-0"]
[ECO "E15"]
[WhiteElo "2479"]
[BlackElo "2483"]
[Annotator "ChessBase"]
[PlyCount "95"]
[EventDate "2021.11.08"]
[EventType "team-tourn"]
[EventCountry "SLO"]
[SourceTitle "playchess.com"]
[Source "ChessBase"]
[SourceQuality "1"]
[WhiteTeam "Sweden"]
[BlackTeam "Iceland"]
[WhiteTeamCountry "SWE"]
[BlackTeamCountry "ISL"]
[TimeControl "40/5400+30:1800+30"]

1. d4 Nf6 2. c4 e6 3. Nf3 b6 4. g3 Ba6 5. b3 Bb7 6. Bg2 Bb4+ 7. Bd2 c5 8. O-O
O-O 9. Nc3 cxd4 10. Nb5 Be7 11. Bg5 a6 12. Nbxd4 d6 13. Bxf6 Bxf6 14. Qc2 Qc7
15. Rac1 Nd7 16. h4 g6 17. Rfd1 e5 18. Nf5 gxf5 19. Qxf5 Rab8 20. Rc2 Bg7 21.
Rcd2 Nf6 22. Rxd6 Be4 23. Qg5 h6 24. Qd2 Rfe8 25. Qe3 Bc2 26. R1d2 Ng4 27. Qc3
Bf5 28. e4 Bxe4 29. Nh2 Nf6 30. Rxf6 Bxg2 31. Ng4 Ba8 32. Nxh6+ Bxh6 33. Rxh6
Qb7 34. Rd5 Qe7 35. Qd3 f6 36. Rg6+ Kh8 37. Qf5 Bxd5 38. cxd5 Rf8 39. Qh5+ Qh7
40. Rh6 Rb7 41. Rxh7+ Rxh7 42. Qf5 Rc7 43. Kg2 Rc5 44. Qd7 Kg8 45. d6 Rc2 46.
Qe7 Rd2 47. d7 e4 48. h5 1-0

[Event "23rd ETCC Open 2021"]
[Site "Catez"]
[Date "2021.11.18"]
[Round "6.64"]
[White "Kjartansson, Gudmundur"]
[Black "Seo, Jung Min"]
[Result "1/2-1/2"]
[ECO "D37"]
[WhiteElo "2443"]
[BlackElo "2455"]
[Annotator "ChessBase"]
[PlyCount "98"]
[EventDate "2021.11.08"]
[EventType "team-tourn"]
[EventCountry "SLO"]
[SourceTitle "playchess.com"]
[Source "ChessBase"]
[SourceQuality "1"]
[WhiteTeam "Iceland"]
[BlackTeam "Sweden"]
[WhiteTeamCountry "ISL"]
[BlackTeamCountry "SWE"]
[TimeControl "40/5400+30:1800+30"]

1. d4 Nf6 2. c4 e6 3. Nf3 d5 4. Nc3 Nbd7 5. Bf4 dxc4 6. e3 Nd5 7. Bxc4 Nxf4 8.
exf4 Nb6 9. Bb3 g6 10. h4 Bg7 11. h5 Bd7 12. Ne5 Qe7 13. Qe2 O-O-O 14. O-O-O
Rhf8 15. Kb1 Kb8 16. hxg6 hxg6 17. d5 g5 18. Nxd7+ Rxd7 19. dxe6 Rxd1+ 20. Nxd1
fxe6 21. Qxe6 Qxe6 22. Bxe6 gxf4 23. Rh4 c6 24. Rg4 Be5 25. Rg5 Bd4 26. Rg8
Rxg8 27. Bxg8 Kc7 28. g3 fxg3 29. fxg3 Kd6 30. Kc2 Ke5 31. Kd3 Nd7 32. b4 Nf6
33. Bb3 Nh5 34. g4 Nf4+ 35. Kd2 Nh3 36. Kd3 Bb6 37. a4 Nf4+ 38. Kd2 Bd8 39. Ne3
Be7 40. Nc2 Ke4 41. Bf7 Kf3 42. Kc3 Kxg4 43. Kc4 Kf5 44. Nd4+ Ke5 45. Be8 Kd6
46. Nf5+ Ke6 47. Nd4+ Kd6 48. Nf5+ Ke6 49. Nd4+ Kd6 1/2-1/2

[Event "23rd ETCC Open 2021"]
[Site "Catez"]
[Date "2021.11.18"]
[Round "6.65"]
[White "Djukic, Nikola"]
[Black "Saraci, Nderim"]
[Result "1/2-1/2"]
[ECO "B33"]
[WhiteElo "2519"]
[BlackElo "2486"]
[Annotator "ChessBase"]
[PlyCount "136"]
[EventDate "2021.11.08"]
[EventType "team-tourn"]
[EventCountry "SLO"]
[SourceTitle "playchess.com"]
[Source "ChessBase"]
[SourceQuality "1"]
[WhiteTeam "Montenegro"]
[BlackTeam "Kosovo"]
[WhiteTeamCountry "MNE"]
[BlackTeamCountry "KOS"]
[TimeControl "40/5400+30:1800+30"]

1. e4 c5 2. Nf3 Nc6 3. d4 cxd4 4. Nxd4 Nf6 5. Nc3 e6 6. Ndb5 d6 7. Bf4 e5 8.
Bg5 a6 9. Na3 b5 10. Bxf6 gxf6 11. Nd5 Bg7 12. Bd3 O-O 13. c3 Ne7 14. Qh5 f5
15. Nxe7+ Qxe7 16. Nc2 f4 17. g3 Qf6 18. Nb4 Qg6 19. Qe2 Bb7 20. gxf4 exf4 21.
O-O-O Qh6 22. Rhg1 Kh8 23. Kb1 Be5 24. Bc2 Rg8 25. f3 Rxg1 26. Rxg1 Rg8 27.
Rxg8+ Kxg8 28. Qf2 a5 29. Nd3 Bc8 30. Qb6 Be6 31. Nxe5 dxe5 32. Qb8+ Kg7 33.
Qxe5+ Kg8 34. Qb8+ Kg7 35. Qe5+ Kg8 36. Qb8+ Kg7 37. Qxb5 Qxh2 38. Qg5+ Kf8 39.
Qc5+ Kg8 40. Qg5+ Kf8 41. Qd8+ Kg7 42. Qd4+ Kg8 43. b4 axb4 44. cxb4 Bxa2+ 45.
Kb2 Be6 46. Qd8+ Kg7 47. Qg5+ Kh8 48. Qc5 Kg8 49. b5 Qe2 50. b6 Qa6 51. Qb4 Bc8
52. Qd4 Qb5+ 53. Ka3 Bb7 54. Ba4 Qa5 55. Kb2 h5 56. Bb3 h4 57. Qd7 Qe5+ 58. Kb1
Bxe4+ 59. fxe4 Qxe4+ 60. Kb2 Qe5+ 61. Ka3 Qa5+ 62. Qa4 Qxb6 63. Qe8+ Kg7 64.
Qxf7+ Kh6 65. Qxf4+ Kg7 66. Qf7+ Kh6 67. Qf8+ Kg5 68. Qe7+ Qf6 1/2-1/2

[Event "23rd ETCC Open 2021"]
[Site "Catez"]
[Date "2021.11.18"]
[Round "6.66"]
[White "Uruci, Endrit"]
[Black "Draskovic, Luka"]
[Result "1/2-1/2"]
[ECO "B51"]
[WhiteElo "2322"]
[BlackElo "2469"]
[Annotator "ChessBase"]
[PlyCount "86"]
[EventDate "2021.11.08"]
[EventType "team-tourn"]
[EventCountry "SLO"]
[SourceTitle "playchess.com"]
[Source "ChessBase"]
[SourceQuality "1"]
[WhiteTeam "Kosovo"]
[BlackTeam "Montenegro"]
[WhiteTeamCountry "KOS"]
[BlackTeamCountry "MNE"]
[TimeControl "40/5400+30:1800+30"]

1. e4 c5 2. Nf3 d6 3. Bb5+ Nd7 4. c4 a6 5. Ba4 Ngf6 6. Nc3 g6 7. d4 cxd4 8.
Nxd4 Bg7 9. Be3 O-O 10. f3 Nc5 11. Bc2 Bd7 12. O-O Rc8 13. Qd2 Ne6 14. Bb3 Nxd4
15. Bxd4 Be6 16. Rac1 Bxc4 17. Bxc4 Rxc4 18. Bxf6 Bxf6 19. Nd5 Rxc1 20. Rxc1 e6
21. Nxf6+ Qxf6 22. Rc7 Rd8 23. Rxb7 d5 24. exd5 Rxd5 25. Rb8+ Kg7 26. Qb4 Qd4+
27. Qxd4+ Rxd4 28. Ra8 Rd2 29. Rxa6 Rxb2 30. a4 Ra2 31. h4 h6 32. Kh2 Kf6 33.
a5 g5 34. h5 Ra4 35. Ra8 g4 36. fxg4 Rxg4 37. Kh3 Ra4 38. a6 Ra5 39. Kh4 Ra4+
40. g4 Ra3 41. Ra7 Kg7 42. Ra8 Kf6 43. Ra7 Kg7 1/2-1/2

[Event "23rd ETCC Open 2021"]
[Site "Catez"]
[Date "2021.11.18"]
[Round "6.67"]
[White "Blagojevic, Dragisa"]
[Black "Makolli, Perparim"]
[Result "1-0"]
[ECO "A40"]
[WhiteElo "2467"]
[BlackElo "2245"]
[Annotator "ChessBase"]
[PlyCount "121"]
[EventDate "2021.11.08"]
[EventType "team-tourn"]
[EventCountry "SLO"]
[SourceTitle "playchess.com"]
[Source "ChessBase"]
[SourceQuality "1"]
[WhiteTeam "Montenegro"]
[BlackTeam "Kosovo"]
[WhiteTeamCountry "MNE"]
[BlackTeamCountry "KOS"]
[TimeControl "40/5400+30:1800+30"]

1. d4 c6 2. c4 b5 3. c5 d6 4. cxd6 exd6 5. g3 Nf6 6. Bg2 d5 7. Nf3 Nbd7 8. O-O
Be7 9. Bg5 O-O 10. Nbd2 a5 11. Nb3 a4 12. Nc1 c5 13. dxc5 Bxc5 14. Nd3 Be7 15.
Nd4 Qb6 16. Nf5 Bd6 17. Be3 Qb8 18. Nxd6 Qxd6 19. Bd2 Re8 20. Bb4 Qb8 21. Nf4
Nb6 22. Qd4 Be6 23. Rac1 Qb7 24. Rc5 Nbd7 25. Nxd5 Nxd5 26. Bxd5 Bxd5 27. Rxd5
Nf6 28. Rd6 Re4 29. Rd8+ Rxd8 30. Qxd8+ Re8 31. Qd2 Qd5 32. Qxd5 Nxd5 33. Bc5
Rxe2 34. Rd1 Nf6 35. Rd8+ Re8 36. Rxe8+ Nxe8 37. f3 Nc7 38. a3 Ne6 39. Bb4 f5
40. Kf2 Nd8 41. Ke3 Nc6 42. Bc3 h5 43. g4 hxg4 44. fxg4 fxg4 45. Ke4 Ne7 46.
Be1 Kf7 47. Kd4 b4 48. axb4 Ke6 49. Kc5 Kd7 50. Kb5 Nf5 51. Kxa4 Kc6 52. b5+
Kb7 53. Kb4 Nd4 54. Bg3 Ne6 55. Kc4 Ng5 56. Bf4 Ne6 57. Be3 g5 58. Kd3 Nf4+ 59.
Ke4 Ne2 60. Bf2 Nc1 61. Kf5 1-0

[Event "23rd ETCC Open 2021"]
[Site "Catez"]
[Date "2021.11.18"]
[Round "6.68"]
[White "Saraci, Korab"]
[Black "Nikcevic, Nebojsa"]
[Result "1/2-1/2"]
[ECO "C42"]
[WhiteElo "2149"]
[BlackElo "2385"]
[Annotator "NA"]
[PlyCount "74"]
[EventDate "2021.11.08"]
[EventType "team-tourn"]
[EventCountry "SLO"]
[SourceTitle "playchess.com"]
[Source "ChessBase"]
[SourceQuality "1"]
[WhiteTeam "Kosovo"]
[BlackTeam "Montenegro"]
[WhiteTeamCountry "KOS"]
[BlackTeamCountry "MNE"]
[TimeControl "40/5400+30:1800+30"]

1. e4 e5 2. Nf3 Nf6 3. d4 Nxe4 4. Nxe5 d6 5. Nf3 d5 6. Bd3 Nc6 7. O-O Bg4 8. c4
Nf6 9. cxd5 Bxf3 10. Qxf3 Qxd5 11. Re1+ Be7 12. Qg3 Qxd4 13. Nc3 Rd8 14. Bb5
O-O 15. Be3 Qb4 16. Rab1 Bd6 17. Qf3 Nd4 18. Bxd4 Qxd4 19. Qxb7 Ng4 20. Qf3
Bxh2+ 21. Kh1 Rd6 22. Ne4 Rh6 23. Qxg4 f5 24. Qe2 fxe4 25. Qc4+ Qxc4 26. Bxc4+
Kh8 27. Re2 Rf5 28. Rxe4 Be5+ 29. Kg1 Rfh5 30. f4 Rh1+ 31. Kf2 Rxb1 32. fxe5
Rxb2+ 33. Kg1 Rb4 34. e6 Rxc4 35. Rxc4 Rxe6 36. Rxc7 h5 37. Rxa7 Kh7 1/2-1/2

[Event "23rd ETCC Open 2021"]
[Site "Catez"]
[Date "2021.11.18"]
[Round "6.69"]
[White "Pancevski, Filip"]
[Black "Kanyamarala, Tarun"]
[Result "1/2-1/2"]
[ECO "B21"]
[WhiteElo "2490"]
[BlackElo "2321"]
[Annotator "ChessBase"]
[PlyCount "110"]
[EventDate "2021.11.08"]
[EventType "team-tourn"]
[EventCountry "SLO"]
[SourceTitle "playchess.com"]
[Source "ChessBase"]
[SourceQuality "1"]
[WhiteTeam "Macedonia"]
[BlackTeam "Ireland"]
[WhiteTeamCountry "MKD"]
[BlackTeamCountry "IRL"]
[TimeControl "40/5400+30:1800+30"]

1. e4 c5 2. d3 Nc6 3. f4 g6 4. Nf3 Bg7 5. Be2 e6 6. O-O Nge7 7. c3 d6 8. Be3 f5
9. Na3 O-O 10. Qd2 a6 11. Rae1 b5 12. Bd1 Qc7 13. Bf2 fxe4 14. dxe4 e5 15. Be3
Bd7 16. Nc2 Rad8 17. fxe5 Nxe5 18. Nxe5 Bxe5 19. Rxf8+ Rxf8 20. Bg5 Be6 21. Ne3
Qd7 22. Bb3 c4 23. Bd1 Rf7 24. Bf3 Nc8 25. Rd1 Nb6 26. Qe2 h5 27. Nd5 Nxd5 28.
exd5 Bf5 29. Qe3 Qb7 30. a3 Qa7 31. Qxa7 Rxa7 32. h3 Rb7 33. Kf2 a5 34. Be2 Be4
35. g4 hxg4 36. Ke3 Bf3 37. hxg4 Bxe2 38. Kxe2 Rh7 39. Rf1 Rb7 40. Bd8 Ra7 41.
Ke3 Ra8 42. Bb6 Re8 43. Kd2 a4 44. Be3 Bg7 45. Bf4 Rf8 46. Ke2 Re8+ 47. Kd2 Be5
48. Be3 Kg7 49. Rh1 Bf6 50. Bh6+ Kg8 51. Rf1 Be5 52. Be3 Re7 53. Bh6 Rf7 54.
Rxf7 Kxf7 55. Bg5 Kg7 1/2-1/2

[Event "23rd ETCC Open 2021"]
[Site "Catez"]
[Date "2021.11.18"]
[Round "6.71"]
[White "Lazov, Toni"]
[Black "Nemeth, Zalan"]
[Result "1/2-1/2"]
[ECO "B00"]
[WhiteElo "2393"]
[BlackElo "2163"]
[Annotator "ChessBase"]
[PlyCount "157"]
[EventDate "2021.11.08"]
[EventType "team-tourn"]
[EventCountry "SLO"]
[SourceTitle "playchess.com"]
[Source "ChessBase"]
[SourceQuality "1"]
[WhiteTeam "Macedonia"]
[BlackTeam "Ireland"]
[WhiteTeamCountry "MKD"]
[BlackTeamCountry "IRL"]
[TimeControl "40/5400+30:1800+30"]

1. e4 b6 2. d4 Bb7 3. Bd3 e6 4. Nf3 d5 5. e5 c5 6. c3 Qd7 7. h4 Ba6 8. Bxa6
Nxa6 9. h5 h6 10. Qe2 Nc7 11. O-O Ne7 12. Na3 Nc6 13. Nc2 c4 14. Nh2 O-O-O 15.
b3 Na5 16. Ne3 cxb3 17. axb3 Nxb3 18. Rxa7 Na5 19. Qb2 Qc6 20. Bd2 Nc4 21. Nxc4
dxc4 22. Ng4 Be7 23. Ne3 b5 24. Rfa1 Bg5 25. Nf1 Be7 26. Ne3 Bg5 27. Nf1 Be7
28. Rxc7+ Qxc7 29. Qxb5 Qb7 30. Qxc4+ Kd7 31. Qd3 Ra8 32. Rb1 Qa6 33. Qf3 Rhb8
34. Re1 Ke8 35. d5 Qb7 36. c4 Ra6 37. Qg4 exd5 38. cxd5 Qxd5 39. Qxg7 Bf8 40.
Qg4 Qd7 41. Qf4 Rb2 42. Be3 Rb4 43. Qf3 Qg4 44. Qd5 Qd7 45. Qf3 Qg4 46. Qxg4
Rxg4 47. Rc1 Kd7 48. f4 f6 49. exf6 Rxf6 50. Kf2 Rh4 51. Ng3 Bd6 52. Ne4 Re6
53. Nc5+ Bxc5 54. Rxc5 Rg4 55. Ra5 Ke7 56. Kf3 Rg8 57. Ra7+ Kd6 58. f5 Rxe3+
59. Kxe3 Rxg2 60. Kf4 Rf2+ 61. Ke4 Re2+ 62. Kf3 Rb2 63. f6 Ke6 64. f7 Rb8 65.
Kg4 Rb4+ 66. Kg3 Rb3+ 67. Kf4 Rb4+ 68. Kf3 Rb3+ 69. Ke4 Rb4+ 70. Ke3 Rb3+ 71.
Kd4 Rb4+ 72. Kc3 Rf4 73. Ra6+ Kxf7 74. Rxh6 Kg7 75. Rd6 Rf5 76. h6+ Kh7 77. Kd4
Rh5 78. Ke4 Rxh6 79. Rxh6+ 1/2-1/2

[Event "23rd ETCC Open 2021"]
[Site "Catez"]
[Date "2021.11.18"]
[Round "6.72"]
[White "Kanyamarala, Trisha"]
[Black "Risteski, Emil"]
[Result "1/2-1/2"]
[ECO "E92"]
[WhiteElo "2089"]
[BlackElo "2315"]
[Annotator "NA"]
[PlyCount "83"]
[EventDate "2021.11.08"]
[EventType "team-tourn"]
[EventCountry "SLO"]
[SourceTitle "playchess.com"]
[Source "ChessBase"]
[SourceQuality "1"]
[WhiteTeam "Ireland"]
[BlackTeam "Macedonia"]
[WhiteTeamCountry "IRL"]
[BlackTeamCountry "MKD"]
[TimeControl "40/5400+30:1800+30"]

1. d4 Nf6 2. c4 g6 3. Nc3 Bg7 4. e4 d6 5. Nf3 O-O 6. Be2 e5 7. d5 Na6 8. Nd2
Bd7 9. g4 c6 10. h4 cxd5 11. cxd5 Qc8 12. g5 Nh5 13. Bxh5 gxh5 14. Nf1 f5 15.
gxf6 Rxf6 16. Bg5 Bg4 17. Qd2 Rf7 18. Ne3 Nc5 19. Rg1 a5 20. Nxg4 hxg4 21. h5
b5 22. Qe2 b4 23. Nd1 h6 24. Bc1 Kh7 25. Ne3 Qa6 26. Nc4 Nd7 27. Rxg4 Rc8 28.
b3 a4 29. Rb1 axb3 30. axb3 Nc5 31. Bd2 Nxb3 32. Nxd6 Qxd6 33. Rxb3 Ra7 34. Rb1
b3 35. Rg6 Qa3 36. Qg4 b2 37. Qxc8 Qd3 38. Rxg7+ Rxg7 39. Qf5+ Kg8 40. Qc8+ Kh7
41. Qf5+ Kh8 42. Qf8+ 1/2-1/2

[Event "23rd ETCC Open 2021"]
[Site "Catez"]
[Date "2021.11.18"]
[Round "6.73"]
[White "Toczek, Grzegorz"]
[Black "Tate, Alan"]
[Result "1-0"]
[ECO "C56"]
[WhiteElo "2296"]
[BlackElo "2342"]
[Annotator "NA"]
[PlyCount "81"]
[EventDate "2021.11.08"]
[EventType "team-tourn"]
[EventCountry "SLO"]
[SourceTitle "playchess.com"]
[Source "ChessBase"]
[SourceQuality "1"]
[WhiteTeam "Wales"]
[BlackTeam "Scotland"]
[WhiteTeamCountry "WLS"]
[BlackTeamCountry "SCO"]
[TimeControl "40/5400+30:1800+30"]

1. e4 e5 2. Nf3 Nc6 3. d4 exd4 4. Bc4 Nf6 5. e5 d5 6. Bb5 Ne4 7. Nxd4 Bd7 8.
Bxc6 bxc6 9. O-O Bc5 10. f3 Ng5 11. Be3 Ne6 12. c3 Bb6 13. f4 c5 14. Nxe6 fxe6
15. f5 exf5 16. Qxd5 Bb5 17. Qe6+ Qe7 18. Qxe7+ Kxe7 19. Rxf5 Rad8 20. Na3 Rd3
21. Rf3 Ba6 22. Nc2 Ke6 23. Rg3 Rhd8 24. Rxg7 Rd1+ 25. Rxd1 Rxd1+ 26. Kf2 Rf1+
27. Kg3 Bd3 28. Na3 Kxe5 29. Rg5+ Kf6 30. Rd5 Be4 31. Rd2 Ke6 32. Bf4 Kf5 33.
Rd7 Rg1 34. Rd2 Rf1 35. Be3 Ke6 36. Nc4 Bd5 37. b3 c6 38. Bf4 Bd8 39. Ne3 Bh4+
40. Kg4 Be4 41. Nxf1 1-0

[Event "23rd ETCC Open 2021"]
[Site "Catez"]
[Date "2021.11.18"]
[Round "6.74"]
[White "Bremner, Adam"]
[Black "Pleasants, Allan J"]
[Result "1/2-1/2"]
[ECO "E91"]
[WhiteElo "2204"]
[BlackElo "2001"]
[Annotator "ChessBase"]
[PlyCount "117"]
[EventDate "2021.11.08"]
[EventType "team-tourn"]
[EventCountry "SLO"]
[SourceTitle "playchess.com"]
[Source "ChessBase"]
[SourceQuality "1"]
[WhiteTeam "Scotland"]
[BlackTeam "Wales"]
[WhiteTeamCountry "SCO"]
[BlackTeamCountry "WLS"]
[TimeControl "40/5400+30:1800+30"]

1. d4 g6 2. c4 Bg7 3. Nc3 d6 4. e4 Nf6 5. Nf3 O-O 6. Be2 c6 7. O-O Nbd7 8. Qc2
Qc7 9. h3 e5 10. d5 c5 11. a3 Qd8 12. b4 Nh5 13. g3 h6 14. Kh2 Nhf6 15. Be3 Ne8
16. Nh4 b6 17. Bd3 Ndf6 18. Rg1 Nh7 19. Kg2 Kh8 20. Rh1 Nef6 21. Rab1 Ng8 22.
Qd2 Bd7 23. Nb5 Qe7 24. a4 h5 25. Nf3 f5 26. Nh4 Rf6 27. exf5 gxf5 28. Bg5 Nxg5
29. Qxg5 Qf7 30. Be2 Be8 31. Qd2 Bh6 32. f4 Qe7 33. Bd3 exf4 34. gxf4 Bd7 35.
Rbe1 Qf7 36. Kh2 a6 37. Nc7 Ra7 38. Ne6 Bxe6 39. dxe6 Rxe6 40. Nxf5 Rf6 41.
Nxh6 Nxh6 42. Rhf1 Re7 43. Rxe7 Qxe7 44. bxc5 dxc5 45. Bc2 Rd6 46. Qg2 Qe3 47.
Rf2 Rd8 48. Rf3 Qd2 49. Rf2 Qe3 50. Qg3 Qxg3+ 51. Kxg3 Kg7 52. Kh4 Kf6 53. Rg2
Nf5+ 54. Bxf5 Kxf5 55. Rg5+ Kxf4 56. Rg6 Rb8 57. Rc6 a5 58. Re6 Rb7 59. Kxh5
1/2-1/2

[Event "23rd ETCC Open 2021"]
[Site "Catez"]
[Date "2021.11.18"]
[Round "6.75"]
[White "Garcia, Jason"]
[Black "Muir, Andrew J"]
[Result "1/2-1/2"]
[ECO "A14"]
[WhiteElo "2028"]
[BlackElo "2254"]
[Annotator "NA"]
[PlyCount "53"]
[EventDate "2021.11.08"]
[EventType "team-tourn"]
[EventCountry "SLO"]
[SourceTitle "playchess.com"]
[Source "ChessBase"]
[SourceQuality "1"]
[WhiteTeam "Wales"]
[BlackTeam "Scotland"]
[WhiteTeamCountry "WLS"]
[BlackTeamCountry "SCO"]
[TimeControl "40/5400+30:1800+30"]

1. Nf3 d5 2. g3 Nf6 3. Bg2 e6 4. O-O Be7 5. c4 O-O 6. b3 c5 7. e3 Nc6 8. Bb2 d4
9. exd4 cxd4 10. Re1 Ne8 11. Ne5 Nxe5 12. Rxe5 f6 13. Re1 e5 14. d3 Nc7 15. Ba3
Rb8 16. Bxe7 Qxe7 17. f4 Bf5 18. Nd2 Rfe8 19. fxe5 fxe5 20. Be4 Bd7 21. Qh5 g6
22. Qh6 b6 23. Nf3 Qg7 24. Qg5 Qe7 25. Qh6 Qg7 26. Qg5 Qe7 27. Qh6 1/2-1/2

[Event "23rd ETCC Open 2021"]
[Site "Catez"]
[Date "2021.11.18"]
[Round "6.76"]
[White "Gordon, Frederick"]
[Black "Davis, Lee"]
[Result "1-0"]
[ECO "B11"]
[WhiteElo "1739"]
[BlackElo "1972"]
[Annotator "NA"]
[PlyCount "57"]
[EventDate "2021.11.08"]
[EventType "team-tourn"]
[EventCountry "SLO"]
[SourceTitle "playchess.com"]
[Source "ChessBase"]
[SourceQuality "1"]
[WhiteTeam "Scotland"]
[BlackTeam "Wales"]
[WhiteTeamCountry "SCO"]
[BlackTeamCountry "WLS"]
[TimeControl "40/5400+30:1800+30"]

1. e4 c6 2. Nf3 d5 3. Nc3 Bg4 4. h3 Bxf3 5. Qxf3 e6 6. Be2 Nd7 7. d4 dxe4 8.
Nxe4 Ngf6 9. O-O Nxe4 10. Qxe4 Nf6 11. Qd3 Be7 12. c3 O-O 13. Bf4 Bd6 14. Bg5
h6 15. Bh4 Be7 16. f4 Nd5 17. Bg3 Bd6 18. c4 Nf6 19. Bh4 Be7 20. f5 Qd7 21.
fxe6 Qxe6 22. Rae1 Qd7 23. Bg4 Qd8 24. Bd1 Nd5 25. Bc2 g6 26. Re6 Qe8 27. Rxe7
Nxe7 28. Bf6 Qd7 29. Qe3 1-0

[Event "23rd ETCC Open 2021"]
[Site "Catez"]
[Date "2021.11.19"]
[Round "7.20"]
[White "Perunovic, Milos"]
[Black "Kantor, Gergely"]
[Result "1-0"]
[ECO "C84"]
[WhiteElo "2541"]
[BlackElo "2566"]
[Annotator "ChessBase"]
[PlyCount "65"]
[EventDate "2021.11.08"]
[EventType "team-tourn"]
[EventCountry "SLO"]
[SourceTitle "playchess.com"]
[Source "ChessBase"]
[SourceQuality "1"]
[WhiteTeam "Serbia"]
[BlackTeam "Hungary"]
[WhiteTeamCountry "SRB"]
[BlackTeamCountry "HUN"]
[TimeControl "40/5400+30:1800+30"]

1. e4 e5 2. Nf3 Nc6 3. Bb5 a6 4. Ba4 Nf6 5. O-O Be7 6. d3 b5 7. Bb3 d6 8. a3
Na5 9. Ba2 c5 10. Nc3 Be6 11. Nh4 O-O 12. Nf5 Bxf5 13. exf5 d5 14. g4 b4 15.
Na4 h6 16. Kh1 Qe8 17. axb4 cxb4 18. Rg1 Qxa4 19. Bxh6 Nh7 20. g5 Qc6 21. f6
gxh6 22. fxe7 Rfe8 23. Qh5 hxg5 24. Rxg5+ Nxg5 25. Qxg5+ Kh7 26. Rg1 Qg6 27.
Qxe5 Nc6 28. Qf4 Qh6 29. Qxf7+ Kh8 30. Bxd5 Rac8 31. Rg6 Qc1+ 32. Kg2 Rxe7 33.
Rg8+ 1-0

[Event "23rd ETCC Open 2021"]
[Site "Catez"]
[Date "2021.11.19"]
[Round "7.30"]
[White "Urkedal, Frode Olav Olsen"]
[Black "Dastan, Muhammed Batuhan"]
[Result "1-0"]
[ECO "D15"]
[WhiteElo "2569"]
[BlackElo "2572"]
[Annotator "ChessBase"]
[PlyCount "61"]
[EventDate "2021.11.08"]
[EventType "team-tourn"]
[EventCountry "SLO"]
[SourceTitle "playchess.com"]
[Source "ChessBase"]
[SourceQuality "1"]
[WhiteTeam "Norway"]
[BlackTeam "Turkey"]
[WhiteTeamCountry "NOR"]
[BlackTeamCountry "TUR"]
[TimeControl "40/5400+30:1800+30"]

1. d4 d5 2. c4 c6 3. Nf3 Nf6 4. e3 a6 5. Nc3 b5 6. b3 Bg4 7. a4 bxc4 8. bxc4
Nbd7 9. Be2 e6 10. c5 a5 11. O-O Be7 12. Bd2 O-O 13. h3 Bxf3 14. Bxf3 e5 15.
Be2 Ne8 16. Na2 Nc7 17. Nc1 Ne6 18. Nb3 Qc7 19. Bc3 exd4 20. exd4 Ng5 21. Bd3
f5 22. Qe1 Rae8 23. Bxa5 Qb8 24. Qd1 Rf6 25. Bd2 Ne4 26. a5 f4 27. f3 Nxd2 28.
Qxd2 Qxb3 29. Rfb1 Nxc5 30. dxc5 Bxc5+ 31. Kh2 1-0